 Dungeon Crawl Stone Soup version 0.20.1-1-g8b1a95d (webtiles) character file.

191292 robertstho the Severer (level 17, -7/168 HPs)
             Began as a Minotaur Berserker on Nov 3, 2017.
             Was a High Priest of Trog.
             Hit by a large rock thrown by Polyphemus (37 damage)
             ... on level 2 of the Shoals.
             The game lasted 02:33:56 (30924 turns).

robertstho the Severer (Minotaur Berserker)        Turns: 30924, Time: 02:33:56

Health: -7/168     AC: 23    Str: 28    XL:     17   Next: 57%
Magic:  16/16      EV:  7    Int:  7    God:    Trog [*****.]
Gold:   666        SH: 17    Dex:  5    Spells: 16/16 levels left

rFire    + . .     SeeInvis +   T - +11 hand crossbow of Cyiqaf {venom, rPois rC+ Str+6 Dex-5}
rCold    + + .     Gourm    +   v - +0 large shield
rNeg     . . .     Faith    .   R - +4 chain mail of the Constellations {+Fly rElec rPois Dex-5}
rPois    +         Spirit   .   a - +0 hat {Int+3}
rElec    +         Reflect  .   Q - scarf {rC+ rF+}
rCorr    .         Harm     .   I - +0 pair of gloves
MR       +....                  P - +2 pair of boots
Stlth    ..........             o - amulet of the gourmand
Regen    0.4/turn               X - ring of Sif Muna's Castigation {rElec SInv}
MPRegen  0.2/turn               x - +4 ring of slaying

@: invisible, very slow
A: retaliatory headbutt, horns 2, clumsy 1
}: 1/15 runes: serpentine
a: Berserk, Trog's Hand, Brothers in Arms, Burn Spellbooks, Renounce Religion,
Evoke Flight


You were on level 2 of the Shoals.
You worshipped Trog.
Trog was extremely pleased with you.
You were completely stuffed.

You visited 4 branches of the dungeon, and saw 25 of its levels.

You collected 2225 gold pieces.
You spent 1559 gold pieces at shops.

Inventory:

Hand Weapons
 d - a +1 antimagic executioner's axe
 r - a +1 battleaxe of flaming
 F - the +1 great mace "Jejage Zeevi" {freeze, -Tele rPois rF++ SInv}
   (You bought it in a shop on level 8 of the Dungeon)

   It has been specially enchanted to freeze those struck by it, causing extra
   injury to most foes and up to half again as much damage against particularly
   susceptible opponents.
   It can also slow down cold-blooded creatures.
   It greatly protects you from fire.
   It protects you from poison.
   It lets you see invisible.
   It prevents most forms of teleportation.
 L - a +2 war axe of flaming
 T - the +11 hand crossbow of Cyiqaf (weapon) {venom, rPois rC+ Str+6 Dex-5}
   (You found it on level 3 of the Lair of Beasts)

   It poisons the ammo it fires.
   It affects your strength (+6).
   It affects your dexterity (-5).
   It protects you from cold.
   It protects you from poison.
Missiles
 W - 484 bolts (quivered)
Armour
 a - a +0 hat of intelligence (worn)
 v - a +0 large shield (worn)
 I - a +0 pair of gloves (worn)
 N - a +0 cloak of invisibility
 P - a +2 pair of boots (worn)
 Q - a scarf of resistance (worn)
 R - the +4 chain mail of the Constellations (worn) {+Fly rElec rPois Dex-5}
   (You bought it in a shop on level 8 of the Dungeon)

   It affects your dexterity (-5).
   It insulates you from electricity.
   It protects you from poison.
   It lets you fly.
Jewellery
 n - an uncursed ring of protection from magic
 o - an amulet of the gourmand (around neck)
 x - a +4 ring of slaying (right hand)
 D - an uncursed ring of protection from magic
 O - an uncursed ring of resist corrosion
 X - the ring of Sif Muna's Castigation (left hand) {rElec SInv}
   (You bought it in a shop on level 2 of the Snake Pit)

   [ring of see invisible]

   It insulates you from electricity.
   It lets you see invisible.
 Y - an uncursed ring of protection from magic
Wands
 e - a wand of disintegration (13/24)
 g - a wand of lightning (0/15)
 y - a wand of iceblast (12/15)
 A - a wand of acid (15/15)
 M - a wand of iceblast (15/15)
 S - a wand of digging (7/24)
 U - a wand of clouds (9/9)
 V - a wand of disintegration (13/24)
Scrolls
 h - a scroll of identify
 m - 2 scrolls of enchant armour {unknown}
 p - 2 scrolls of enchant weapon {unknown}
 q - 3 scrolls of summoning {unknown}
 s - 17 scrolls of remove curse
 w - 2 scrolls of fog {unknown}
 z - 4 scrolls of fear
 G - 4 scrolls of teleportation
 K - 2 scrolls of magic mapping {unknown}
 Z - a scroll of blinking
Potions
 b - 3 potions of haste
 f - 2 potions of berserk rage
 k - a potion of curing
 t - 7 potions of might
 u - 2 potions of ambrosia
 B - 3 potions of resistance
 C - 4 potions of flight
 J - 3 potions of agility
Comestibles
 c - 14 bread rations
 i - 12 royal jellies
 j - 10 meat rations
 E - 11 fruits


   Skills:
 * Level 19.0 Fighting
 * Level 20.7(21.0) Axes
 - Level 5.6(15.0) Maces & Flails
   Level 3.5(14.5) Polearms
 * Level 12.0 Crossbows
 * Level 16.7 Armour
 + Level 4.6 Dodging
 + Level 8.8 Shields


You had 16 spell levels left.
You didn't know any spells.

Dungeon Overview and Level Annotations

Branches:
Dungeon (13/15)            Temple (0/1) D:5            Lair (6/6) D:10
 Shoals (2/4) Lair:2        Snake (4/4) Lair:3        Slime (0/5) Lair:5
    Orc (0/2) D:11         Vaults (0/5) D:13

Altars:
Fedhas
Gozag
Okawaru
Ru
Trog
Beogh
Jiyva

Shops:
D:8 *}([*   D:11 (   D:12 [   Snake:2 =}=   Snake:3 :

Annotations:
D:8 144 scarf 171 x 2 chain shop
Shoals:2 Polyphemus
Snake:2 good rings shop


Innate Abilities, Weirdness & Mutations

You reflexively headbutt those who attack you in melee.
You have a pair of horns on your head.
You are clumsy. (Dex -2)


Message History

The bolt hits Polyphemus but does no damage.
Polyphemus looks as sick as possible!
Polyphemus is severely wounded.
You hear a splash.
Polyphemus throws a large rock.
You block the large rock.
You hear a splash.
Firing (i - inventory):
W - 485 bolts (quivered)
Press: ? - help, Shift-Dir - straight line, f/p - Polyphemus
Aim: Polyphemus (water, severely wounded, poisoned)
You shoot a bolt. The bolt hits Polyphemus!!
Polyphemus is almost dead.
You hear a splash.
Polyphemus throws a large rock.
The large rock hits you!!
* * * LOW HITPOINT WARNING * * *
You hear a splash.
You feel better.
Polyphemus throws a large rock.
You block the large rock.
You hear a splash.
You fade into invisibility!
Polyphemus throws a large rock.
The large rock hits you!!!
You die...

≈≈≈≈≈≈≈≈≈≈≈≈≈≈≈≈≈≈≈≈≈≈≈≈
≈≈≈≈≈≈≈≈≈≈≈≈≈≈≈≈≈≈≈≈≈≈≈≈
≈≈≈≈≈≈≈≈≈≈≈≈≈≈P≈≈≈≈PPPP≈
≈≈≈≈≈≈≈≈≈≈≈≈≈≈≈≈≈≈≈≈PP..P
≈≈≈≈≈≈≈≈≈≈≈≈≈≈..≈P≈≈≈≈...
≈≈≈≈≈≈≈≈≈≈≈P≈PP.≈P≈PP.P##
≈≈≈≈≈≈≈P..P≈≈P≈P≈.P≈P..##
≈≈≈≈≈≈≈≈...P≈≈≈≈≈P≈..P.P.
≈.P≈≈≈≈≈≈≈≈≈C≈≈≈@≈≈≈≈≈≈≈≈≈..##PP.
..≈≈≈≈≈≈≈≈≈≈≈≈≈≈≈≈≈≈≈≈≈≈≈≈...PP≈.
≈≈≈≈≈≈≈≈≈≈≈≈≈≈≈≈P≈≈≈≈≈≈≈≈≈≈≈..≈≈≈
≈≈≈≈≈≈≈≈≈≈≈≈≈≈≈≈..≈≈≈≈≈≈≈≈≈≈≈..≈≈
≈≈≈≈≈≈≈≈≈≈≈≈≈≈≈..≈≈.....≈≈≈≈...≈≈
≈≈≈≈≈≈≈≈≈≈≈≈≈≈≈≈≈≈..###.≈≈≈≈...≈≈
≈≈≈≈≈≈≈≈≈≈.≈≈≈≈≈≈≈..# #..≈≈≈≈≈≈≈≈
≈≈≈≈≈≈≈≈≈≈≈..≈≈≈....###..≈≈≈≈≈≈≈≈
≈≈≈≈..).≈≈..≈≈≈≈≈≈.....≈≈≈≈≈≈≈≈≈≈


You could see Polyphemus.

Vanquished Creatures
  Vashnia (Snake:2)
  Bai Suzhen (Snake:3)
  Rupert (Snake:1)
  Gastronok (Lair:3)
  Kirke (Lair:5)
  6 nagarajas
  A frost giant (Shoals:2)
  Louise (Shoals:2)
  4 merfolk impalers
  A merfolk avatar (Shoals:1)
  11 naga warriors
  4 hydras
  A vault guard (D:13)
  A catoblepas (Shoals:2)
  A centaur warrior (D:13)
  10 death yaks
  2 satyrs (Shoals:2)
  13 anacondas
  5 two-headed ogres
  6 shock serpents
  23 naga sharpshooters
  Nergalle (Lair:3)
  3 salamander mystics
  4 sea snakes
  A necromancer (D:13)
  A deep elf archer (D:13)
  2 ugly things (D:13)
  8 naga ritualists
  12 mana vipers
  8 manticores
  11 salamanders
  4 cyclopes
  14 fauns
  2 oklob plants (Lair:3)
  7 elephants
  22 naga magi
  2 guardian serpents (Snake:4)
  34 black mambas
  4 water nymphs
  9 merfolk sirens
  Psyche (D:11)
  A centaur skeleton (D:8)
  4 spiny frogs
  A torpor snail (Lair:5)
  6 komodo dragons
  6 rime drakes
  12 merfolk
  3 polar bears (D:10)
  3 trolls
  2 wind drakes (Shoals:1)
  Prince Ribbit (D:7)
  4 dream sheep (Lair:4)
  9 blink frogs (Lair:4)
  3 snapping turtles
  6 hippogriffs
  Sigmund (D:2)
  3 water elementals
  2 basilisks
  A vampire (D:13)
  38 yaks
  20 humans
  8 hogs
  2 hungry ghosts
  3 steam dragons (Shoals:1)
  2 vampire mosquitoes (D:13)
  An acid dragon (D:13)
  52 nagas
  2 hell hounds (D:10)
  Duvessa (D:4)
  6 porcupines
  12 water moccasins
  5 sky beasts
  2 black bears
  11 orc warriors
  7 ice beasts
  7 ogres
  2 phantoms
  10 wolves
  9 centaurs
  6 crocodiles
  2 big kobolds
  A gnoll sergeant (D:12)
  14 bullfrogs
  Dowan (D:4)
  A water moccasin skeleton (D:4)
  6 scorpions
  3 killer bees (D:10)
  8 wights
  4 howler monkeys
  7 crimson imps
  5 jellies
  3 bullfrog zombies
  4 hounds
  A quasit (D:11)
  8 orc priests
  14 orc wizards
  2 bullfrog skeletons
  2 iguanas
  A gnoll shaman (D:9)
  Ijyb (D:5)
  Natasha (thrice) (D:2)
  5 worker ants
  A killer bee zombie (D:8)
  3 hound zombies
  2 hound skeletons
  A killer bee simulacrum (D:10)
  A worker ant zombie (D:5)
  Robin (D:3)
  13 gnolls
  2 howler monkey skeletons
  15 adders
  3 shadow imps
  A white imp (D:10)
  2 worker ant simulacra (D:10)
  4 oozes
  4 worms
  A dart slug (D:1)
  7 leopard geckos
  55 orcs
  2 ball pythons
  3 bats (D:3)
  3 giant cockroaches
  17 goblins
  13 hobgoblins
  17 jackals
  10 kobolds
  2 quokkas (D:5)
  9 frilled lizards
  A jackal skeleton (D:4)
  3 quokka skeletons
  7 rats
  4 fungi
  2 plants (Lair:1)
824 creatures vanquished.

Vanquished Creatures (collateral kills)
  3 nagarajas (Snake:4)
  Aizul (Snake:2)
  4 naga warriors (Snake:4)
  An anaconda (Snake:2)
  6 naga sharpshooters
  A salamander mystic (Snake:4)
  2 naga ritualists (Snake:4)
  4 cyclopes (Shoals:2)
  2 oklob plants (Lair:3)
  A mana viper (Snake:4)
  2 salamanders (Snake:4)
  A water nymph (Shoals:2)
  3 black mambas
  6 naga magi (Snake:4)
  A troll (D:9)
  A wraith (D:12)
  3 nagas (Snake:4)
  2 orc warriors (D:12)
  3 orc priests (D:12)
  An adder zombie (D:9)
  6 orcs (D:12)
54 creatures vanquished.

Vanquished Creatures (others)
  2 fungi
  8 plants
10 creatures vanquished.

Grand Total: 888 creatures vanquished

Notes
Turn   | Place    | Note
-------+----------+-------------------------------------------
     0 | D:1      | robertstho the Minotaur Berserker began the quest for the Orb.
     0 | D:1      | Reached XP level 1. HP: 19/19 MP: 0/0
   211 | D:1      | Reached skill level 4 in Axes
   307 | D:1      | Reached XP level 2. HP: 23/26 MP: 1/1
   875 | D:2      | Noticed Sigmund
   881 | D:2      | Killed Sigmund
   881 | D:2      | Reached skill level 5 in Fighting
   881 | D:2      | Reached skill level 5 in Axes
   881 | D:2      | Reached XP level 3. HP: 36/36 MP: 2/2
   881 | D:2      | Reached XP level 4. HP: 42/42 MP: 3/3
   881 | D:2      | Reached XP level 5. HP: 48/48 MP: 4/4
  1116 | D:2      | Reached ** piety under Trog
  1198 | D:2      | Noticed Natasha
  1207 | D:2      | Killed Natasha
  1234 | D:2      | Noticed Natasha
  1239 | D:2      | Killed Natasha
  1239 | D:2      | Reached XP level 6. HP: 28/56 MP: 5/5
  1582 | D:3      | Reached skill level 1 in Polearms
  1753 | D:3      | Reached skill level 6 in Axes
  1757 | D:3      | Reached *** piety under Trog
  2035 | D:3      | Noticed Robin
  2054 | D:3      | Killed Robin
  2292 | D:4      | Noticed Dowan
  2293 | D:4      | Noticed Duvessa
  2295 | D:4      | Killed Dowan
  2295 | D:4      | Reached XP level 7. HP: 63/63 MP: 6/6
  2302 | D:4      | Killed Duvessa
  2302 | D:4      | Reached skill level 5 in Armour
  2663 | D:4      | Found an iron altar of Okawaru.
  2666 | D:4      | Found a blossoming altar of Fedhas.
  2668 | D:4      | Found a bloodstained altar of Trog.
  2891 | D:4      | Found an opulent altar of Gozag.
  3337 | D:5      | Entered Level 5 of the Dungeon
  3371 | D:5      | Noticed Ijyb
  3378 | D:5      | Killed Ijyb
  3865 | D:5      | Found a staircase to the Ecumenical Temple.
  3880 | D:5      | Reached XP level 8. HP: 27/71 MP: 7/7
  4449 | D:6      | Found a sacrificial altar of Ru.
  4462 | D:6      | Reached **** piety under Trog
  4538 | D:6      | Reached skill level 7 in Axes
  5375 | D:7      | Reached XP level 9. HP: 14/82 MP: 8/8
  5877 | D:7      | Noticed Prince Ribbit
  5896 | D:7      | Killed Prince Ribbit
  6014 | D:8      | Found Quodukul's Antique Weapon Boutique.
  6031 | D:8      | Bought a translucent great mace for 310 gold pieces
  6031 | D:8      | Identified the +1 great mace "Jejage Zeevi" {freeze, -Tele rPois rF++ SInv} (You bought it in a shop on level 8 of the Dungeon)
  6130 | D:8      | Reached ***** piety under Trog
  6130 | D:8      | Reached skill level 8 in Axes
  6130 | D:8      | Reached skill level 1 in Maces & Flails
  6167 | D:8      | Found Nosoagepp's Antique Armour Shoppe.
  6230 | D:8      | Found Suat's Assorted Antiques.
  6238 | D:8      | Bought a scroll of identify for 48 gold pieces
  6359 | D:8      | Reached skill level 10 in Fighting
  6423 | D:8      | Found Roqauro's Gadget Shop.
  6697 | D:8      | Found Zuasch's General Store.
  6880 | D:8      | Reached skill level 10 in Armour
  7015 | D:8      | Bought a scroll of identify for 48 gold pieces
  7184 | D:9      | Noticed a two-headed ogre
  7193 | D:9      | Killed a two-headed ogre
  7193 | D:9      | Reached XP level 10. HP: 76/94 MP: 9/9
  7405 | D:9      | Reached skill level 5 in Maces & Flails
  7412 | D:9      | Reached skill level 9 in Axes
  8297 | D:10     | Entered Level 10 of the Dungeon
  8297 | D:10     | Found a staircase to the Lair.
  8378 | D:10     | Reached skill level 10 in Axes
  9137 | D:10     | Reached skill level 11 in Axes
  9163 | D:10     | Reached XP level 11. HP: 91/102 MP: 10/10
  9750 | D:11     | Found Icivian's Weapon Boutique.
  9753 | D:11     | Found a staircase to the Orcish Mines.
 10252 | D:11     | Reached skill level 12 in Axes
 10274 | D:11     | Noticed Psyche
 10280 | D:11     | Killed Psyche
 10328 | D:11     | Bought a +1 battleaxe of flaming for 261 gold pieces
 11075 | D:12     | Found Qamaesoh's Armour Emporium.
 11194 | D:12     | Noticed a two-headed ogre
 11200 | D:12     | Killed a two-headed ogre
 11308 | D:12     | Noticed a five-headed hydra
 11313 | D:12     | Killed a three-headed hydra
 11346 | D:12     | Reached skill level 13 in Axes
 11875 | D:12     | Found a roughly hewn altar of Beogh.
 11880 | D:12     | Reached ****** piety under Trog
 11884 | D:12     | Received a gift from Trog
 12249 | D:13     | Noticed a purple ugly thing
 12258 | D:13     | Killed a purple ugly thing
 12271 | D:13     | Noticed a seven-headed hydra
 12278 | D:13     | Killed a five-headed hydra
 12751 | D:13     | Reached skill level 14 in Axes
 12852 | D:13     | Noticed a two-headed ogre
 12858 | D:13     | Killed a two-headed ogre
 12858 | D:13     | Reached XP level 12. HP: 112/112 MP: 11/11
 13330 | D:13     | Noticed a centaur warrior
 13335 | D:13     | Killed a centaur warrior
 13335 | D:13     | Reached skill level 15 in Axes
 13461 | D:13     | Found a gate to the Vaults.
 13461 | D:13     | Noticed a vault guard
 13471 | D:13     | Killed a vault guard
 13836 | D:13     | Noticed a two-headed ogre
 13841 | D:13     | Killed a two-headed ogre
 13945 | D:8      | Bought a runed scarf for 144 gold pieces
 13945 | D:8      | Bought a slimy chain mail for 171 gold pieces
 13945 | D:8      | Bought a twisted chain mail for 171 gold pieces
 13960 | D:8      | Identified the +4 chain mail of the Constellations {+Fly rElec rPois Dex-5} (You bought it in a shop on level 8 of the Dungeon)
 13970 | D:8      | Identified the +1 chain mail of the City {Str+6 Int+7 Dex-2} (You bought it in a shop on level 8 of the Dungeon)
 14081 | Lair:1   | Entered Level 1 of the Lair of Beasts
 14133 | Lair:1   | Noticed a six-headed hydra
 14142 | Lair:1   | Killed a two-headed hydra
 14142 | Lair:1   | Reached skill level 16 in Axes
 14516 | Lair:1   | Received a gift from Trog
 14652 | Lair:1   | Reached XP level 13. HP: 100/122 MP: 12/12
 15360 | Lair:2   | Reached skill level 17 in Axes
 15588 | Lair:2   | Found a staircase to the Shoals.
 16117 | Lair:3   | Received a gift from Trog
 16355 | Lair:3   | Found a staircase to the Snake Pit.
 16538 | Lair:3   | Noticed Nergalle
 16545 | Lair:3   | Killed Nergalle
 16600 | Lair:3   | Noticed Gastronok
 16607 | Lair:3   | Killed Gastronok
 16741 | Lair:3   | Got a scorched hand crossbow
 17280 | Lair:4   | Reached skill level 18 in Axes
 18270 | Lair:5   | Noticed Kirke
 18288 | Lair:5   | Killed Kirke
 18288 | Lair:5   | Reached XP level 14. HP: 133/133 MP: 13/13
 18404 | Lair:5   | Found a runed door.
 18405 | Lair:5   | Found a viscous altar of Jiyva.
 18407 | Lair:5   | Found a staircase to the Slime Pits.
 19009 | Lair:6   | Entered Level 6 of the Lair of Beasts
 19032 | Lair:6   | Received a gift from Trog
 19033 | Lair:6   | Reached skill level 19 in Axes
 19355 | Lair:6   | Identified the +11 hand crossbow of Cyiqaf {venom, rPois rC+ Str+6 Dex-5} (You found it on level 3 of the Lair of Beasts)
 20061 | D:2      | Noticed Natasha
 20064 | D:2      | Killed Natasha
 20427 | Snake:1  | Entered Level 1 of the Snake Pit
 20437 | Snake:1  | Got a dazzling trident
 20441 | Snake:1  | Identified the +5 trident "Ipusse" {speed, *Contam +Rage rF+} (You found it on level 1 of the Snake Pit)
 20491 | Snake:1  | Gained mutation: You are clumsy. (Dex -2) [mutagenic glow]
 20635 | Snake:1  | Noticed Rupert
 20644 | Snake:1  | Killed Rupert
 20644 | Snake:1  | Reached skill level 15 in Fighting
 20870 | Snake:1  | Reached skill level 1 in Crossbows
 21202 | Snake:1  | Reached skill level 1 in Shields
 22079 | Snake:1  | Received a gift from Trog
 22900 | Snake:2  | Reached skill level 15 in Armour
 23190 | Snake:2  | Reached XP level 15. HP: 106/141 MP: 11/14
 23218 | Snake:2  | Noticed Aizul
 23239 | Snake:2  | Killed Aizul
 23438 | Snake:2  | Noticed Vashnia
 23440 | Snake:2  | Reached skill level 5 in Crossbows
 23792 | Snake:2  | Killed Vashnia
 24551 | Snake:2  | Noticed a nagaraja
 24554 | Snake:2  | Killed a nagaraja
 24614 | Snake:2  | Reached skill level 20 in Axes
 24766 | Snake:2  | Reached skill level 5 in Shields
 25255 | Snake:2  | Found Siciceg's Gadget Boutique.
 25256 | Snake:2  | Found Wetet's Jewellery Emporium.
 25256 | Snake:2  | Found Qijerar's Jewellery Emporium.
 25869 | Snake:3  | Noticed a nagaraja
 25874 | Snake:3  | Killed a nagaraja
 26036 | Snake:3  | Noticed Bai Suzhen
 26056 | Snake:3  | Killed Bai Suzhen
 26228 | Snake:3  | Reached XP level 16. HP: 155/155 MP: 15/15
 26303 | Snake:3  | Found a bloodstained altar of Trog.
 26394 | Snake:3  | Found Plog's Book Emporium.
 26531 | Snake:4  | Entered Level 4 of the Snake Pit
 26959 | Snake:4  | Received a gift from Trog
 27426 | Snake:4  | Received a gift from Trog
 27491 | Snake:4  | Received a gift from Trog
 27546 | Snake:4  | Reached skill level 10 in Crossbows
 28114 | Snake:4  | Received a gift from Trog
 28155 | Snake:4  | Got a serpentine rune of Zot
 28668 | Snake:2  | Bought the ring of Sif Muna's Castigation {rElec SInv} for 406 gold pieces
 28742 | Shoals:1 | Entered Level 1 of the Shoals
 28833 | Shoals:1 | Reached XP level 17. HP: 95/163 MP: 16/16
 29519 | Shoals:1 | Received a gift from Trog
 29666 | Shoals:1 | Received a gift from Trog
 29995 | Shoals:2 | Received a gift from Trog
 30039 | Shoals:2 | Received a gift from Trog
 30107 | Shoals:2 | Noticed Louise
 30125 | Shoals:2 | Killed Louise
 30914 | Shoals:2 | Noticed Polyphemus
 30924 | Shoals:2 | Hit by a large rock thrown by Polyphemus

Skill      XL: |  1  2  3  4  5  6  7  8  9 10 11 12 13 14 15 16 17 |
---------------+----------------------------------------------------+-----
Axes           | 4 5 6 7 8 11 14 16 18 19 20 | 20.7
Fighting       | 5 6 8 10 11 12 13 14 15 17 18 19 | 19.0
Armour         | 3 4 6 8 10 11 12 13 14 15 16 | 16.7
Polearms       | 2 3 |  3.5
Dodging        | 3 4 |  4.6
Maces & Flails | 4 5 |  5.6
Crossbows      | 4 8 10 12 | 12.0
Shields        | 2 5 8 |  8.8

Action                   |  1- 3 |  4- 6 |  7- 9 | 10-12 | 13-15 | 16-18 || total
-------------------------+-------+-------+-------+-------+-------+-------++-------
Melee: Hand axe          |    53 |       |       |       |       |       ||    53
       Headbutt          |     6 |    14 |    34 |   102 |   124 |    15 ||   295
       Scythe            |       |   131 |   173 |       |       |       ||   304
       Great mace        |       |       |    62 |    23 |       |       ||    85
       Battleaxe         |       |       |     3 |   446 |   302 |       ||   751
       Unarmed           |       |       |       |       |     9 |       ||     9
       War axe           |       |       |       |       |   301 |   124 ||   425
       Hand crossbow     |       |       |       |       |     6 |     5 ||    11
       Trident           |       |       |       |       |     6 |       ||     6
 Fire: Hand crossbow     |       |       |       |       |   285 |   578 ||   863
Invok: Berserk           |     2 |     1 |     6 |     6 |     9 |     1 ||    25
       Trog's Hand       |       |     1 |     1 |     1 |     6 |     3 ||    12
       Burn Spellbooks   |       |       |       |     4 |     5 |     2 ||    11
       Brothers in Arms  |       |       |       |     2 |     8 |     9 ||    19
Evoke: Wand              |       |       |       |       |       |     5 ||     5
  Use: Potion            |       |     2 |     1 |       |     5 |    10 ||    18
       Scroll            |       |       |     6 |     7 |     6 |    11 ||    30
 Stab: Paralysed         |       |       |     1 |       |       |       ||     1
  Eat: Chunk             |     1 |     7 |    29 |    38 |    35 |    21 ||   131
       Meat ration       |       |       |     1 |       |     3 |       ||     4
Armor: Chain mail        |    23 |   131 |   147 |    70 |   323 |   153 ||   847
       Plate armour      |       |       |       |   324 |       |       ||   324
Dodge: Dodged            |    15 |   109 |   114 |   248 |   186 |    67 ||   739
Block: Large shield      |       |       |       |       |   268 |   331 ||   599
